Map: [ESL] Cosmic Sapphire

Players

PtitDrogo

  • Race: Protoss Protoss
  • Spawn Location: 5:00

Scarlett - Winner!

  • Race: Zerg Zerg
  • Spawn Location: 11:00

Event: DreamHack SC2 Masters 2022 Valencia

VOD

Have the link to the VOD?

Description

Time

  • Played on: July 1, 2022, 1:52 p.m.
  • Length: 7:00

All games in this series

Show
View Real Time Build Order
Export as new Build Order

PtitDrogo Protoss 

Build Orders: 1 Gate Expand, Oracle Opening, Zealot Archon 

Get SALT Encoding   

  12  0:00  Probe  
  13  0:12  Probe  
  14  0:20  Pylon  
  14  0:24  Probe  
  15  0:38  Probe (Chrono Boost)  
  15  0:40  Gateway  
  16  0:47  Probe (Chrono Boost)  
  16  0:49  Assimilator  
  17  0:52  Probe (Chrono Boost)  
  18  1:04  Probe  
  19  1:16  Probe  
  20  1:25  Nexus  
  20  1:38  Cybernetics Core  
  20  1:41  Probe  
  20  1:44  Assimilator  
  21  1:53  Probe  
  22  1:56  Pylon  
  22  2:05  Probe  
  23  2:11  Adept (Chrono Boost)  
  25  2:17  Probe  
  25  2:19  Stargate  
  26  2:26  Warp Gate  
  27  2:31  Probe (Chrono Boost)  
  27  2:34  Adept  
  29  2:37  Probe (Chrono Boost)  
  31  2:46  Probe x2 (Chrono Boost)  
  32  2:51  Probe (Chrono Boost)  
  32  2:53  Probe  
  34  2:59  Oracle (Chrono Boost)  
  34  3:03  Probe  
  38  3:06  Probe  
  38  3:10  Pylon  
  39  3:15  Probe  
  39  3:18  Probe  
  41  3:27  Oracle (Chrono Boost)  
  41  3:28  Probe  
  41  3:30  Probe  
  46  3:38  Nexus  
  46  3:40  Probe  
  47  3:42  Probe (Chrono Boost)  
  47  3:46  Pylon  
  48  3:52  Probe (Chrono Boost)  
  50  3:57  Oracle  
  50  4:00  Probe (Chrono Boost)  
  50  4:02  Probe (Chrono Boost)  
  54  4:03  Assimilator  
  54  4:05  Assimilator  
  54  4:06  Pylon, Probe (Chrono Boost)  
  54  4:07  Probe  
  56  4:15  Adept  
  58  4:18  Probe  
  58  4:19  Probe, Twilight Council  
  61  4:31  Probe x2 (Chrono Boost)  
  61  4:35  Forge  
  61  4:37  Robotics Facility  
  62  4:42  Stalker  
  66  4:46  Probe (Chrono Boost)  
  66  4:50  Probe (Chrono Boost)  
  66  4:52  Gateway x2  
  67  4:53  Probe (Chrono Boost)  
  67  4:55  Shield Battery  
  67  4:56  Probe (Chrono Boost)  
  69  5:00  Probe (Chrono Boost)  
  69  5:01  Probe (Chrono Boost)  
  69  5:05  Dark Shrine, Probe (Chrono Boost)  
  71  5:08  Probe (Chrono Boost)  
  71  5:09  Charge (Chrono Boost)  
  71  5:11  Probe (Chrono Boost)  
  73  5:20  Probe (Chrono Boost)  
  76  5:22  Probe (Chrono Boost)  
  76  5:23  Pylon, Gateway  
  76  5:25  Probe (Chrono Boost)  
  76  5:26  Probe (Chrono Boost)  
  76  5:27  Observer (Chrono Boost)  
  78  5:30  Probe  
  79  5:38  Shield Battery x2  
  79  5:41  Pylon  
  79  5:43  Photon Cannon  
  79  5:44  Shield Battery  
  79  5:46  Immortal  
  83  5:50  Probe  
  83  5:53  Stalker x2  
  83  5:55  Stalker  
  90  6:05  Shield Battery  
  86  6:21  Dark Templar x3  
  79  6:31  Probe x3  
  67  6:41  Zealot  
  67  6:43  Probe x3  
  67  6:44  Archon  
  66  6:54  Zealot x3  
Show
View Real Time Build Order
Export as new Build Order

Scarlett Zerg - Winner!

Build Orders: Hatch First 

Get SALT Encoding   

  12  0:00  Drone  
  13  0:12  Overlord  
  13  0:16  Drone  
  14  0:30  Drone x2  
  16  0:44  Drone  
  17  0:51  Hatchery  
  17  0:55  Drone  
  17  0:58  Drone  
  18  1:09  Extractor  
  17  1:13  Spawning Pool  
  17  1:16  Drone  
  17  1:19  Drone  
  18  1:28  Drone  
  19  1:39  Drone  
  20  1:49  Overlord  
  20  2:00  Queen  
  22  2:02  Zergling x2  
  22  2:03  Drone, Queen  
  26  2:12  Metabolic Boost  
  26  2:13  Drone  
  26  2:14  Drone  
  28  2:23  Drone  
  28  2:24  Drone  
  30  2:35  Hatchery  
  29  2:38  Zergling x2  
  29  2:40  Drone  
  31  2:45  Queen  
  31  2:50  Overlord  
  33  2:53  Drone  
  33  2:54  Drone  
  35  2:59  Drone  
  36  3:07  Spore Crawler  
  36  3:11  Drone x3  
  36  3:12  Overlord, Drone  
  40  3:15  Drone x2  
  40  3:19  Queen  
  44  3:26  Overlord  
  44  3:33  Drone  
  45  3:34  Queen  
  45  3:37  Drone  
  45  3:39  Overlord  
  45  3:40  Drone  
  49  3:48  Spore Crawler, Queen  
  48  3:49  Drone x2  
  48  3:50  Drone  
  48  3:55  Drone x2  
  55  3:58  Drone x2  
  55  4:02  Drone x2  
  59  4:14  Lair  
  59  4:23  Drone x11  
  66  4:28  Drone x3  
  69  4:32  Extractor  
  69  4:33  Extractor  
  69  4:34  Roach Warren  
  69  4:38  Drone x3  
  69  4:40  Pneumatized Carapace  
  69  4:42  Overlord  
  69  4:50  Overlord x3  
  69  4:52  Drone x2  
  71  4:56  Overlord x2  
  71  5:01  Extractor  
  71  5:06  Spore Crawler  
  69  5:08  Spore Crawler, Drone  
  69  5:17  Roach x7  
  83  5:24  Roach  
  83  5:25  Roach  
  83  5:27  Zergling x12  
  93  5:33  Zergling x8  
  94  5:42  Zergling x6  
  97  5:46  Ravager x2  
  97  5:48  Zergling x4  
  97  5:49  Zergling x10  
  106  5:51  Overlord, Queen  
  106  5:53  Ravager  
  109  5:57  Zergling x2  
  109  6:00  Overlord  
  109  6:02  Ravager  
  111  6:04  Ravager  
  111  6:05  Zergling x4  
  112  6:16  Zergling x8  
  106  6:19  Zergling x2  
  106  6:20  Queen, Zergling x12  
  107  6:29  Overseer  
  95  6:35  Zergling x2  
  95  6:36  Zergling x8  
  93  6:54  Hatchery  

Tags
 
Add a new tag
Caveats
  • Supply blocks, unpowered buildings, or Contaminate may cause inaccurate times.
  • Supply counts are checked every 10 seconds.